 Dungeon Crawl Stone Soup version 0.31-a0-662-g684573625c (webtiles) character file.

Game seed: 12501321296938483399

77 Dordric the Changeling (level 4, 0/28 HPs)
             Began as an Octopode Shapeshifter on Aug 31, 2023.
             Slain by a gnoll
             ... wielding a +0 halberd
              (3 damage)
             ... on level 2 of the Dungeon.
             The game lasted 00:01:10 (1090 turns).

Dordric the Changeling (Octopode Shapeshifter)      Turns: 1090, Time: 00:01:10

Health: 0/28       AC:  1    Str: 13    XL:     4   Next: 34%
Magic:  4/4        EV: 13    Int: 12    God:
Gold:   143        SH:  0    Dex: 13    Spells: 3/3 levels left

rFire   . .          .
                       - Unarmed
rCold   . . .        (no shield)
rNeg    . . .        (helmet currently unavailable)
rPois   +            (no amulet)
rElec   .            e - ring of poison resistance
rCorr   .            (no ring)
SInv    .            (no ring)
Will    .....        (no ring)
Stlth   ++           (no ring)
HPRegen 0.24/turn    (no ring)
MPRegen 0.09/turn    (no ring)
                     (no ring)

%: no passive effects
@: beast-form
A: beast (slay +2), almost no armour, amphibious, 8 rings, camouflage 1,
gelatinous body 1, (nimble swimmer 1), tentacles
a: Begin Untransformation


You were on level 2 of the Dungeon.
You were a hulking beast.
You visited 1 branch of the dungeon, and saw 2 of its levels.

You collected 143 gold pieces.

Inventory:

Jewellery
 e - a ring of poison resistance (left tentacle)
Talismans
 b - a beast talisman (active)
 c - a flux talisman
Scrolls
 d - a scroll of noise
 g - a scroll of amnesia {unknown}
Potions
 a - 3 potions of lignification
 f - 2 potions of curing {unknown}
 h - 2 potions of haste {unknown}


   Skills:
 - Level 1.0 Fighting
 - Level 2.0 Dodging
 - Level 3.0 Unarmed Combat
 + Level 4.7 Shapeshifting


You had 3 spell levels left.
You didn't know any spells.
Your spell library contained the following spells:

 Spells                   Type           Power      Damage    Failure   Level
 Ensorcelled Hibernation  Hex/Ice        0%         N/A       45%         2
 Passwall                 Tmut/Erth      0%         N/A       45%         2
 Swiftness                Air            0%         N/A       69%         3


Dungeon Overview and Level Annotations

Branches:
Dungeon (2/15)

Altars:


Innate Abilities, Weirdness & Mutations

You are a hulking beast.
Your limbs bulge with bestial killing power. (Slay +2)
You cannot wear most types of armour.
You are amphibious.
You can wear up to eight rings at the same time.
Your skin changes colour to match your surroundings (Stealth+).
Your rubbery body absorbs attacks. (AC +1, EV +1)
((You are camouflaged when in or above water. (Stealth+)))
You have tentacles for arms and can constrict up to eight enemies at once.


Message History

Found a glowing gold wand.
The helpless hobgoblin fails to defend itself.
You tentacle-slap the hobgoblin. Your grab misses the hobgoblin.
The hobgoblin is heavily wounded.
The hobgoblin hits you.
You completely miss the hobgoblin. You grab the hobgoblin.
You squeeze the hobgoblin.
You kill the hobgoblin!
No target in view!
No target in view!
No target in view!
A gnoll comes into view. It is wielding a +0 club.
Found two stone staircases leading up.
A gnoll is nearby!
A gnoll is nearby!
You see here a wand of digging (8).
A hobgoblin comes into view.
Found a scroll of noise and a purple potion. 2 gnolls come into view.
The gnoll shouts! x2; The hobgoblin shouts!
You tentacle-slap the gnoll. You grab the gnoll. You squeeze the gnoll!
The gnoll is almost dead.
You constrict the gnoll. The gnoll completely misses you.
You bludgeon the gnoll!
You kill the gnoll!
The hobgoblin closely misses you. The gnoll hits you with a +0 halberd.
Things that are here:
a +0 club; a gnoll corpse You tentacle-slap the gnoll.
Your grab misses the gnoll. You tentacle-slap the gnoll!
Your squeeze misses the gnoll.
The gnoll is almost dead.
The gnoll hits you from afar with a +0 halberd!
The hobgoblin hits you.
* * * LOW HITPOINT WARNING * * *
The gnoll hits you with a +0 halberd.
* * * LOW HITPOINT WARNING * * *
The hobgoblin attacks as it pursues you!
The hobgoblin closely misses you.
The gnoll hits you from afar with a +0 halberd.
You die...

#...... #....## .....
#....# ..... ##.†### #
... #..... # #.... #
##'### # #.#.###.#
##...## # #.g.g...#
##.....# ###. #g##.##
##....... ....
..#####h#...####........
....
!.............?+........
####
#######.#...####........
# #.##.## ##....... #/#
## ##.....# #.####
##...## #..?.## ##'##
#.###.# #.# ##...#.###
#.#


You could see 2 gnolls and a hobgoblin.

Vanquished Creatures
  A gnoll (D:2)
  3 adders (D:2)
  3 endoplasms (D:1)
  3 giant cockroaches
  4 goblins (D:2)
  A hobgoblin (D:2)
  2 jackals (D:2)
  3 kobolds
  3 quokkas (D:2)
  2 ball pythons (D:2)
  7 bats
  3 frilled lizards
  3 rats
38 creatures vanquished.

Notes
Turn   | Place    | Note
-------+----------+-------------------------------------------
     0 | D:1      | Dordric the Octopode Shapeshifter began the quest for the
                  | Orb.
     0 | D:1      | Reached XP level 1. HP: 13/13 MP: 1/1
   122 | D:1      | Reached XP level 2. HP: 18/18 MP: 2/2
   559 | D:2      | Reached XP level 3. HP: 23/23 MP: 3/3
   570 | D:2      | Reached skill level 4 in Shapeshifting
   797 | D:2      | Reached XP level 4. HP: 26/28 MP: 4/4
  1090 | D:2      | Slain by a gnoll

Illustrated notes

Levels and vault maps discovered:
D:1:      minmay_arrival_shattered_statue, layout_rooms, serial_bayou_crossing
D:2:      layout_loops_corners, amcnicky_mini_rare_corridor_liquid,
          minmay_vboxes

Skill      XL: |  1  2  3 |
---------------+----------+-----
Shapeshifting  | 4 |  4.7
Fighting       | |  1.0
Dodging        | |  2.0
Unarmed Combat | |  3.0

Action                     |  1- 3 |  4- 6 || total
---------------------------+-------+-------++-------
  Melee: Unarmed           |    56 |    10 ||    66
         Constrict         |    12 |     3 ||    15
         Tentacles         |     8 |     2 ||    10
         Punch             |     1 |     1 ||     2
    Use: Scroll            |     2 |       ||     2
   Stab: Sleeping          |     5 |     3 ||     8
 Armour: Skin              |    28 |     7 ||    35
  Dodge: Dodged            |    35 |     5 ||    40

Table legend: (Time is in decaauts)
 A = Elapsed time spent in this place.
 B = Non-inter-level travel time spent in this place.
 C = Inter-level travel time spent in this place.
 D = Time resting spent in this place.
 E = Time spent auto-exploring this place.
 F = Levels seen in this place.
 G = Mean time per level.
                   A        B        C        D        E       F      G
               +--------+--------+--------+--------+--------+-----+--------+
         Total |   1085 |   1066 |     19 |      0 |    841 |   2 |  542.5 |
       Dungeon |   1085 |   1066 |     19 |      0 |    841 |   2 |  542.5 |
               +--------+--------+--------+--------+--------+-----+--------+

Top non-repeatable levels by time:
     D:2: 652 daAuts
     D:1: 432 daAuts
